 Dungeon Crawl Stone Soup version 0.28.0-43-g3370ac3207 (webtiles) character file.

Game seed: 16559751499905181056

12075 mortz the Destroyer (level 11, -14/88 HPs)
             Began as a Hill Orc Conjurer on Mar 29, 2022.
             Was an Initiate of Vehumet.
             Demolished by an ice devil (23 damage)
             ... summoned by an orc high priest
             ... created by the wrath of Beogh
             ... on level 9 of the Dungeon.
             The game lasted 01:41:28 (15040 turns).

mortz the Destroyer (Hill Orc Conjurer)            Turns: 15040, Time: 01:41:28

Health: -14/88     AC:  9    Str: 11    XL:     11   Next: 87%
Magic:  1/31       EV: 12    Int: 25    God:    Vehumet [......]
Gold:   360        SH:  6    Dex:  9    Spells: 3/25 levels left

rFire   + . .      SeeInvis .   q - staff of conjuration {!a@e2staff}
rCold   . . .      Faith    .   V - +2 buckler
rNeg    + . .      Spirit   .   J - +0 leather armour of Hauvvupt {rPois rF+ rN+ Int+3}
rPois   +          Reflect  .   R - +0 helmet
rElec   .          Harm     .   (no cloak)
rCorr   .          Rampage  .   F - +2 pair of gloves
Will    .....                   o - +0 pair of boots
Stlth   ++........              (no amulet)
HPRegen 0.24/turn               h - ring of magical power
MPRegen 0.22/turn               a - ring of wizardry

@: no status effects
A: no striking features
a: Renounce Religion, Convert to Beogh


You were on level 9 of the Dungeon.
You worshipped Vehumet.
Vehumet was noncommittal.
You visited 3 branches of the dungeon, and saw 13 of its levels.
You also visited: Sewer.

You collected 438 gold pieces.
You spent 78 gold pieces at shops.


   Skills:
 + Level 5.2 Fighting
 + Level 0.2 Short Blades
 + Level 2.0 Maces & Flails
 + Level 6.5 Armour
 + Level 4.5 Dodging
 + Level 4.8 Stealth
 + Level 2.8 Shields
 + Level 7.5 Spellcasting
 + Level 10.3 Conjurations
 + Level 1.2 Translocations
 + Level 1.8 Fire Magic
 * Level 8.0 Invocations


You had 3 spell levels left.
You knew the following spells:

 Your Spells              Type           Power      Damage    Failure   Level
a - Magic Dart            Conj           100%       1d8       1%          1
b - Searing Ray           Conj           100%       2d8       1%          2
c - Static Discharge      Conj/Air       52%        N/A       1%          2
d - Foxfire               Conj/Fire      100%       2x1d9     1%          1
e - Flame Wave            Conj/Fire      56%        2d11      3%          4
f - Iskenderun's Mystic   Conj/Tloc      55%        2d12      4%          4
g - Sticky Flame          Conj/Fire      56%        2d7       3%          4
h - Hailstorm             Conj/Ice       52%        3d12      5%          4

Your spell library contained the following spells:

 Spells                   Type           Power      Damage    Failure   Level
 Conjure Flame            Conj/Fire      56%        6-21      1%          3
 Dazzling Flash           Conj/Hex       100%       N/A       1%          3
 Freeze                   Ice            36%        1d6       4%          1
 Slow                     Hex            36%        N/A       4%          1
 Inner Flame              Hex/Fire       14%        N/A       9%          3
 Ignite Poison            Fire/Tmut/Pois 12%        N/A       10%         3
 Confusing Touch          Hex            9%         N/A       13%         3
 Frozen Ramparts          Ice            18%        1d3       13%         3
 Vampiric Draining        Necr           9%         2d6       13%         3
 Fulminant Prism          Conj/Hex       26%        3d14      5%          4
 Dispel Undead            Necr           9%         3d8       38%         4
 Ice Form                 Ice/Tmut       9%         N/A       38%         4
 Summon Ice Beast         Ice/Summ       9%         N/A       38%         4

Inventory:

Hand Weapons
 B - a +2 dire flail of draining {mace}
   (You took it off Edmund on level 4 of the Dungeon)
 M - a +0 short sword of venom {short}
   (You took it off a kobold brigand on level 10 of the Dungeon)
 W - a +1 trident of venom {polearm}
   (You took it off a kobold on level 9 of the Dungeon)
 Z - a +3 dagger of protection {short}
   (You took it off a kobold demonologist on level 9 of the Dungeon)
Missiles
 r - 44 poisoned darts {throwing}
 K - 2 silver boomerangs {throwing}
Armour
 k - the +3 ring mail of Hysteria {Dex+4}
   (You found it on level 5 of the Dungeon)

   Dex:       It affects your dexterity (+4).
 o - a +0 pair of boots (worn)
   (You found it on level 11 of the Dungeon)
 A - +0 acid dragon scales
   (You found it on level 9 of the Dungeon)
 C - a +2 leather armour of cold resistance
   (You took it off Edmund on level 4 of the Dungeon)
 F - a +2 pair of gloves (worn)
   (You found it on level 4 of the Dungeon)
 J - the +0 leather armour of Hauvvupt (worn) {rPois rF+ rN+ Int+3}
   (You found it on level 6 of the Dungeon)

   Int:       It affects your intelligence (+3).
   rF:        It protects you from fire.
   rPois:     It protects you from poison.
   rN:        It protects you from negative energy.
 R - a +0 helmet (worn)
   (You found it on level 10 of the Dungeon)
 V - a +2 buckler (worn)
   (You found it on level 7 of the Dungeon)
Magical Staves
 q - a staff of conjuration (weapon) {!a@e2staff}
   (You found it on level 5 of the Dungeon)
 w - a staff of earth {!astaff}
   (You found it on level 9 of the Dungeon)
 L - a staff of cold {!astaff}
   (You found it on level 6 of the Dungeon)
Jewellery
 a - a ring of wizardry (right hand)
   (You found it on level 5 of the Dungeon)
 h - a ring of magical power (left hand)
   (You found it on level 2 of the Dungeon)
 s - a ring of poison resistance
   (You found it on level 3 of the Dungeon)
Wands
 e - a wand of flame (28)
   (You found it on level 5 of the Dungeon)
 f - a wand of acid (4)
   (You found it on level 8 of the Dungeon)
 y - a wand of polymorph (4)
   (You took it off a kobold demonologist on level 10 of the Dungeon)
 G - a wand of iceblast (11)
   (You took it off Ijyb on level 5 of the Dungeon)
 H - a wand of paralysis (18)
   (You found it on level 5 of the Dungeon)
Scrolls
 b - a scroll of enchant armour {unknown}
 c - 4 scrolls of silence {!r}
 j - 2 scrolls of holy word {unknown}
 m - a scroll of acquirement {unknown}
 p - 2 scrolls of fear {unknown}
 t - 7 scrolls of teleportation {@r4}
 u - 3 scrolls of fog {unknown}
 v - 4 scrolls of immolation {!r!r}
 x - a scroll of amnesia {unknown}
 D - 2 scrolls of enchant weapon {unknown}
 U - a scroll of summoning {unknown}
 X - a scroll of blinking {unknown}
 Y - a scroll of torment {unknown}
Potions
 d - 4 potions of heal wounds {@q2}
 g - 4 potions of flight
 i - 3 potions of brilliance
 l - 3 potions of attraction {!q}
 n - a potion of berserk rage {unknown}
 z - 3 potions of invisibility
 E - 2 potions of lignification {!q}
 O - 3 potions of might
 P - a potion of haste {@q3}
 Q - 2 potions of experience {unknown}
 S - 2 potions of magic {unknown}
 T - 3 potions of curing {@q1}
Miscellaneous
 N - a condenser vane
   (You found it on level 10 of the Dungeon)

Dungeon Overview and Level Annotations

Branches:
Dungeon (11/15)            Temple (1/1) D:5            Lair (1/6) D:9
    Orc (0/2) D:11          Sewer (visited)

Altars:
Ashenzari
Cheibriados
Dithmenos
Elyvilon
Fedhas
Gozag
Hepliaklqana
Kikubaaqudgha
Makhleb
Nemelex Xobeh
Okawaru
Qazlal
Ru
Sif Muna
Trog
Uskayaw
Vehumet
Wu Jian
Xom
Yredelemnul
Zin
The Shining One
Beogh

Shops:
D:2 *   D:4 ?   D:6 * D:9

= ###### .....# #######
.....############## #......
.....'.##.......@.# #<.....
..[..#.##....3.[4.# #...≈≈≈
.....#.##.......o.# ###...≈##
.....#.##.......).# ###.....≈#
.....#..#.........#####>).#...≈##
.....##......3....##[[..###...≈.#
.....####.........)[.#### #...≈.#
###### #.........#### #...≈.# †#
#.........# ##.#≈.∩


You could see a soul eater (summoned), an orc high priest, an ice devil
(summoned) and a smoke demon (summoned).


Message History

😮 MP[+1]
The orc high priest invokes the aid of Beogh against you.
Pain shoots through your body! 😮 HP[-5]
You take 5 damage, and now have 45/88 hp. 😮 MP[+1] 😮 HP[+1]
The orc high priest mumbles some strange prayers to Beogh against you.
Pain shoots through your body!
* * * LOW HITPOINT WARNING * * *
Things that are here:
16 stones {throwing}; a +0 hand axe {axe} 😨 HP[-5]
You take 5 damage, and now have 41/88 hp. 😨 HP[+1] MP[+1]
The orc high priest calls down the wrath of Beogh upon you.
Beogh smites you!
* * * LOW HITPOINT WARNING * * *
😨 HP[-13]
You take 13 damage, and now have 29/88 hp. 😨 HP[+1] MP[+1]
The orc high priest invokes the aid of Beogh against you.
You are unaffected. 😨 HP[+1] 😨 MP[+1] 😨 HP[+1] MP[+1]
Casting: Hailstorm (dangerous; 5% risk of failure)
Confirm with . or Enter, or press ? or * to list all spells.
Aiming: Searing Ray (safe; 1% risk of failure)
Press: ? - help, Shift-Dir - straight line, f - orc high priest
Aim: an orc high priest, wielding a +0 long sword and wearing a +1 ring mail of cold resistance (moderately wounded, durably summoned, 81% to hit)
You feel a surge of power!
The searing ray hits the orc high priest. (Press . to maintain the ray.) 😨 MP[-2]
You lost 2 mp, and now have 7/31 mp.
The searing ray misses the orc high priest.
The orc high priest shouts, "Surrender to Beogh and we'll let you live!" 😨 MP[-1]
You lost 1 mp, and now have 6/31 mp.
The searing ray hits the orc high priest but does no damage. 😨 HP[+1] MP[-1]
You lost 1 mp, and now have 5/31 mp.
The searing ray hits the orc high priest.
The orc high priest shouts, "Join the one true god or die!"
You finish channelling your searing ray.
Casting: Searing Ray (safe; 1% risk of failure)
Confirm with . or Enter, or press ? or * to list all spells.
Aiming: Searing Ray (safe; 1% risk of failure)
Press: ? - help, Shift-Dir - straight line, f/p - orc high priest
Aim: an orc high priest, wielding a +0 long sword and wearing a +1 ring mail of cold resistance (heavily wounded, durably summoned, 81% to hit)
You feel a surge of power!
The searing ray hits the orc high priest! (Press . to maintain the ray.)
The orc high priest hits you but does no damage. 😨 MP[-2]
You lost 2 mp, and now have 3/31 mp.
The searing ray hits the orc high priest.
The orc high priest hits you but does no damage. 😨 MP[-1]
You lost 1 mp, and now have 2/31 mp.
The searing ray hits the orc high priest!
The orc high priest mumbles some strange prayers to Beogh against you.
Pain shoots through your body!
* * * LOW HITPOINT WARNING * * *
😨 HP[-3] MP[-1]
You take 3 damage, and now have 30/88 hp.
You lost 1 mp, and now have 1/31 mp.
The searing ray hits the orc high priest but does no damage.
You finish channelling your searing ray.
The orc high priest barely misses you.
Aiming: Magic Dart (safe; 1% risk of failure)
Press: ? - help, Q - select action, (/) - cycle Shift-Dir - straight line, f/p - orc high priest
Aim: an orc high priest, wielding a +0 long sword and wearing a +1 ring mail of cold resistance (severely wounded, durably summoned, 100% to hit)
You feel a surge of power!
The magic dart hits the orc high priest but does no damage.
The orc high priest prays to Beogh. 😨 MP[-1]
You lost 1 mp, and now have 0/31 mp.
The ice devil hits you but does no damage. 😨 HP[+1]
The orc high priest hits you with a +0 long sword!
* * * LOW HITPOINT WARNING * * *
😱 HP[-9]
You take 9 damage, and now have 22/88 hp.
The orc high priest utters an invocation to Beogh.
Things that are here:
4 stones {throwing}; a +0 dagger {short} 😱 MP[+1]
The ice devil disappears in a puff of smoke!
The soul eater draws from the surrounding life force!
* * * LOW HITPOINT WARNING * * *
😱 HP[-6]
You take 6 damage, and now have 16/88 hp.
There is a stone staircase leading up here. 😱 HP[+1]
The ice devil hits you!
* * * LOW HITPOINT WARNING * * *
The ice devil freezes you!!
You die...

Skill      XL: |  1  2  3  4  5  6  7  8  9 10 11 |
---------------+----------------------------------+-----
Spellcasting   | 2 3 4 5 6 7 |  7.5
Conjurations   | 5 6 7 8 9 10 | 10.3
Stealth        | 2 3 4 |  4.8
Armour         | 1 2 3 4 5 6 |  6.5
Dodging        | 2 3 4 |  4.5
Fighting       | 1 2 3 5 |  5.2
Maces & Flails | 2 |  2.0
Invocations    | 3 6 8 |  8.0
Shields        | 1 2 |  2.8
Fire Magic     | 1 |  1.8
Translocations | 1 |  1.2
Short Blades   | |  0.2

Action                   |  1- 3 |  4- 6 |  7- 9 | 10-12 || total
-------------------------+-------+-------+-------+-------++-------
Melee: Dagger            |     8 |     5 |       |       ||    13
       Punch             |     1 |       |       |       ||     1
       Dire flail        |       |    14 |       |       ||    14
 Cast: Magic Dart        |    24 |    78 |    78 |    69 ||   249
       Searing Ray       |     4 |    40 |    77 |    75 ||   196
       Foxfire           |       |       |     7 |     1 ||     8
       Flame Wave        |       |       |     1 |     6 ||     7
       Iskenderun's Myst |       |       |       |    14 ||    14
       Hailstorm         |       |       |       |     4 ||     4
Invok: Convert to Beogh  |       |     1 |       |       ||     1
       Smiting           |       |       |       |     1 ||     1
  Use: Scroll            |       |     4 |     4 |     3 ||    11
       Potion            |       |       |       |     1 ||     1
Armor: Leather armour    |     1 |    11 |    11 |    65 ||    88
       Ring mail         |       |       |     7 |       ||     7
Dodge: Dodged            |     5 |    21 |    53 |   108 ||   187
Block: Buckler           |       |       |     5 |    56 ||    61

Levels and vault maps discovered:
D:1:      dpeg_arrival_circle_labyrinth_c, layout_basic,
          chequers_ecumenical_altar_simple_redux, minivault_5
D:2:      layout_loops_cross, serial_shops, shop, uniq_natasha
D:3:      layout_rooms, chequers_serial_rivers_marsh, minmay_surrounded
D:4:      layout_rooms, mainiacjoe_overflow_tiny_flanked,
          beargit_hepliaklqana_dungeon_heroes, serial_shops,
          nicolae_stop_n_shop_2, uniq_edmund
D:5:      layout_gridville, marbit_many_paths,
          minmay_temple_entry_statues_pillars, uniq_pikel, uniq_ijyb
D:6:      layout_basic, serial_shops, nicolae_shop_trees, portal_sewer_entry_f
D:7:      layout_gridville, chequers_garden, david_defended_altar_orc,
          uniq_joseph
D:8:      layout_cave_pools
D:9:      layout_roguey, minitemple, dpeg_oklobed_lair,
          lightli_bailey_entry_fortress, nicolae_shop_unique_rings,
          lightli_fourway_metalbox
D:10:     layout_long_grid, uniq_grum
D:11:     layout_roguey, orc_0_dummy, portal_ice_cave_entry_imps
Temple:   minmay_crystal_spiral_temple
Lair:1:   layout_regular_city, grunt_forest_small_clearing_treed

Notes
Turn   | Place    | Note
-------+----------+-------------------------------------------
     0 | D:1      | mortz the Hill Orc Conjurer began the quest for the Orb.
     0 | D:1      | Reached XP level 1. HP: 14/14 MP: 3/3
     0 | D:1      | magus.rc [v1.9.6]
   313 | D:1      | Found a faded altar of an unknown god.
   376 | D:1      | Reached XP level 2. HP: 15/20 MP: 0/4
   824 | D:1      | You pick up a book of Flames and begin reading...
   824 | D:1      | You add the spells Foxfire, Conjure Flame, Inner Flame and
                  | Flame Wave to your library.
   831 | D:1      | Learned a level 2 spell: Searing Ray
  1318 | D:2      | Reached XP level 3. HP: 19/26 MP: 0/5
  1408 | D:2      | Found Uwnakket's Assorted Antiques.
  1500 | D:2      | Noticed Natasha
  1505 | D:2      | Killed Natasha
  1506 | D:2      | Reached skill level 2 in Spellcasting
  1506 | D:2      | Reached skill level 5 in Conjurations
  1506 | D:2      | Reached XP level 4. HP: 33/33 MP: 7/7
  1667 | D:2      | Noticed Natasha
  1675 | D:2      | Killed Natasha
  1676 | D:2      | Reached skill level 2 in Stealth
  2062 | D:2      | Noticed Natasha
  2069 | D:2      | Killed Natasha
  2070 | D:2      | Reached skill level 1 in Armour
  2070 | D:2      | Reached XP level 5. HP: 38/38 MP: 8/8
  3206 | D:4      | Reached skill level 2 in Armour
  3290 | D:4      | Became a worshipper of Beogh the Brigand
  3340 | D:4      | Reached XP level 6. HP: 38/45 MP: 9/9
  3515 | D:4      | You pick up a book of Touch and begin reading...
  3515 | D:4      | You add the spells Static Discharge, Sticky Flame and
                  | Dispel Undead to your library.
  3516 | D:4      | Noticed Edmund
  3532 | D:4      | HP: 9/38 [Edmund/+2 dire flail of draining (3)]
  3610 | D:4      | Killed Edmund
  3611 | D:4      | Reached skill level 2 in Dodging
  3618 | D:4      | Reached skill level 3 in Spellcasting
  3878 | D:4      | You pick up a book of Frost and begin reading...
  3878 | D:4      | You add the spells Freeze, Frozen Ramparts and Hailstorm to
                  | your library.
  3895 | D:4      | Found a snail-covered altar of Cheibriados.
  3904 | D:4      | You pick up a book of Frost and begin reading...
  3908 | D:4      | Learned a level 2 spell: Static Discharge
  3969 | D:4      | Found Hualoar's Magic Scroll Shoppe.
  3978 | D:4      | Bought a scroll of identify for 26 gold pieces
  4111 | D:4      | Found a hazy altar of Hepliaklqana.
  4126 | D:4      | Found a faded altar of an unknown god.
  4148 | D:4      | Reached XP level 7. HP: 17/35 MP: 11/11
  4379 | D:5      | Entered Level 5 of the Dungeon
  4399 | D:5      | Reached skill level 6 in Conjurations
  4517 | D:5      | Identified the +3 ring mail of Hysteria {Dex+4}
  4555 | D:5      | Reached skill level 3 in Armour
  4614 | D:5      | Reached skill level 1 in Fighting
  4614 | D:5      | Reached skill level 3 in Stealth
  4796 | D:5      | Learned a level 1 spell: Foxfire
  4909 | D:5      | Found a staircase to the Ecumenical Temple.
  4917 | Temple   | Entered the Ecumenical Temple
  5202 | D:5      | Reached XP level 8. HP: 58/59 MP: 13/13
  5263 | D:5      | Reached skill level 1 in Maces & Flails
  5547 | D:5      | Noticed Ijyb
  5552 | D:5      | Killed Ijyb
  5874 | D:5      | Found a white marble altar of Elyvilon.
  5911 | D:5      | Noticed Pikel
  5923 | D:5      | HP: 14/59 [Pikel/+1 whip of freezing (1)]
  5925 | D:5      | Killed Pikel
  5926 | D:5      | Reached skill level 2 in Fighting
  5926 | D:5      | Reached skill level 4 in Armour
  5926 | D:5      | Reached skill level 4 in Spellcasting
  5926 | D:5      | Reached skill level 7 in Conjurations
  6245 | D:6      | Identified the +0 leather armour of Hauvvupt {rPois rF+ rN+
                  | Int+3}
  6253 | D:6      | Reached skill level 2 in Maces & Flails
  6299 | D:6      | Found Jebu Umm's Assorted Antiques.
  6305 | D:6      | Bought a scroll of identify for 52 gold pieces
  6406 | D:6      | Reached * piety under Beogh
  6413 | D:6      | Reached XP level 9. HP: 64/68 MP: 12/15
  6510 | D:6      | Reached skill level 5 in Armour
  6740 | D:6      | Reached skill level 3 in Dodging
  6892 | D:6      | Found a glowing drain.
  6904 | Sewer    | Entered a sewer
  7286 | Sewer    | Reached ** piety under Beogh
  7823 | D:6      | You pick up a book of Debilitation and begin reading...
  7823 | D:6      | You add the spells Slow, Vampiric Draining and Confusing
                  | Touch to your library.
  7829 | D:6      | Learned a level 4 spell: Flame Wave
  7834 | D:6      | Learned a level 4 spell: Iskenderun's Mystic Blast
  7939 | D:7      | Reached skill level 1 in Invocations
  8167 | D:7      | Reached skill level 2 in Invocations
  8184 | D:7      | Reached skill level 4 in Stealth
  8525 | D:7      | Reached skill level 8 in Conjurations
  8605 | D:7      | Noticed Joseph
  8615 | D:7      | HP: 12/68 [Joseph/+0 quarterstaff (7)]
  8616 | D:7      | Killed Joseph
  8617 | D:7      | Reached skill level 5 in Spellcasting
  8617 | D:7      | Reached skill level 3 in Invocations
  9094 | D:7      | Found a roughly hewn altar of Beogh.
  9164 | D:7      | magus.rc [v1.9.6]
  9537 | D:8      | Reached XP level 10. HP: 75/75 MP: 18/18
  9863 | D:9      | Noticed a kobold demonologist
  9864 | D:9      | Noticed a kobold demonologist
  9868 | D:9      | Noticed a rust devil
 10083 | D:9      | Reached skill level 4 in Invocations
 10086 | D:9      | Reached skill level 9 in Conjurations
 10238 | D:9      | Reached skill level 6 in Spellcasting
 10288 | D:9      | Found Lonyebb's One-of-a-Kind Rings.
 10432 | D:9      | Noticed a kobold demonologist
 10434 | D:9      | Noticed a kobold demonologist
 10435 | D:9      | Noticed a kobold demonologist
 10436 | D:9      | Noticed a smoke demon
 10441 | D:9      | Noticed a sun demon
 10441 | D:9      | Killed a kobold demonologist
 10442 | D:9      | Reached skill level 3 in Fighting
 10444 | D:9      | Noticed a kobold demonologist
 10446 | D:9      | Killed a kobold demonologist
 10543 | D:9      | Noticed a soul eater
 10546 | D:9      | Killed a kobold demonologist
 10546 | D:9      | Reached *** piety under Beogh
 10547 | D:9      | Reached skill level 1 in Shields
 10547 | D:9      | Reached skill level 5 in Invocations
 10651 | D:9      | Killed a kobold demonologist
 10720 | D:9      | Paralysed by a hornet for 2 turns
 10998 | D:9      | Reached skill level 1 in Fire Magic
 11084 | D:9      | Found a staircase to the Lair.
 11224 | D:9      | Noticed a deep elf pyromancer
 11235 | D:9      | Killed a deep elf pyromancer
 11236 | D:9      | Reached skill level 6 in Armour
 11236 | D:9      | Reached skill level 6 in Invocations
 11240 | D:9      | Reached skill level 4 in Dodging
 11240 | D:9      | Reached XP level 11. HP: 28/83 MP: 11/21
 11752 | D:9      | Found a radiant altar of Vehumet.
 11757 | D:9      | Found a glowing silver altar of Zin.
 11833 | D:9      | Reached skill level 4 in Fighting
 11869 | D:10     | Entered Level 10 of the Dungeon
 11992 | D:10     | Noticed a sixfirhy
 11998 | D:10     | Reached skill level 1 in Translocations
 12001 | D:10     | HP: 20/85 [kobold brigand/+0 short sword of venom (8)]
 12392 | D:10     | Noticed Grum
 12404 | D:10     | Killed Grum
 12404 | D:10     | Reached **** piety under Beogh
 12913 | D:10     | HP: 19/85 [gargoyle/stone arrow (19)]
 13291 | D:10     | magus.rc [v1.9.6]
 13323 | D:10     | Reached skill level 2 in Shields
 13538 | D:11     | You pick up a book of Rime and begin reading...
 13538 | D:11     | You add the spells Ice Form and Summon Ice Beast to your
                  | library.
 13544 | D:11     | Learned a level 4 spell: Sticky Flame
 13549 | D:11     | Learned a level 4 spell: Hailstorm
 13666 | D:11     | Noticed a manticore
 13676 | D:11     | Killed a manticore
 13677 | D:11     | Reached skill level 7 in Spellcasting
 13857 | D:11     | Reached skill level 7 in Invocations
 14023 | D:11     | Reached skill level 5 in Fighting
 14149 | D:11     | Found a staircase to the Orcish Mines.
 14181 | D:11     | Reached skill level 10 in Conjurations
 14511 | D:9      | Fell from the grace of Beogh
 14511 | D:9      | Became a worshipper of Vehumet
 14581 | Lair:1   | Entered Level 1 of the Lair of Beasts
 14581 | Lair:1   | Noticed a seven-headed hydra
 14588 | Lair:1   | Killed a seven-headed hydra
 14992 | Lair:1   | Reached skill level 8 in Invocations
 14993 | Lair:1   | Noticed an orc high priest
 14997 | Lair:1   | Noticed a soul eater
 15036 | D:9      | HP: 22/88 [orc high priest/+0 long sword[the wrath of
                  | Beogh] (9)]
 15038 | D:9      | Noticed a soul eater
 15040 | D:9      | HP: 9/88 [ice devil[the wrath of Beogh] (8)]
 15040 | D:9      | Demolished by an ice devil

Vanquished Creatures
  A hydra (Lair:1)
  Pikel (D:5)
  A manticore (D:11)
  Joseph (D:7)
  2 cane toads (Lair:1)
  7 kobold demonologists
  A hornet (D:9)
  14 yaks
  Grum (D:10)
  A wyvern (D:9)
  Edmund (D:4)
  2 acid dragons
  2 water moccasins
  A sky beast (D:6)
  An ice beast (D:8)
  2 necrophages
  2 ogres (D:5)
  A wolf (D:10)
  A phantom (D:4)
  2 centaurs
  3 lemures (D:5)
  5 kobold brigands
  A bullfrog (D:7)
  2 gnoll sergeants
  A scorpion (D:5)
  A wyvern skeleton (D:7)
  6 killer bees (D:9)
  2 bullfrog zombies
  3 centaur zombies
  7 orc priests
  A hound (D:7)
  2 gnoll shamans
  5 iguanas
  Ijyb (D:5)
  Natasha (thrice) (D:2)
  An orc wizard (D:4)
  A killer bee zombie (D:7)
  24 gnolls
  5 adders
  4 shadow imps
  15 white imps
  An ufetubus (D:6)
  2 worms
  3 dart slugs
  19 orcs
  8 bats
  14 endoplasms
  3 giant cockroaches
  7 goblins
  6 hobgoblins
  30 kobolds
  6 quokkas
  8 ball pythons
  4 frilled lizards
  9 rats
258 creatures vanquished.

Vanquished Creatures (collateral kills)
  A deep elf pyromancer (D:9)
  A centaur zombie (D:11)
  A gargoyle (D:10)
  3 kobold demonologists
  A wraith (D:11)
  A wyvern (D:9)
  2 orc warriors (D:9)
  A wolf (D:10)
  4 kobold brigands
  A bullfrog (D:9)
  An orc wizard (D:10)
  A howler monkey zombie (D:10)
  A gnoll (D:9)
  2 orcs
  8 kobolds
29 creatures vanquished.

Vanquished Creatures (others)
  An orc knight (D:11)
  2 orc wizards (D:11)
  4 orcs
  16 foxfires
  3 fungi
  10 plants
36 creatures vanquished.

Grand Total: 323 creatures vanquished

Table legend:
 A = Non-vault XP
 B = Vault XP
 C = Vault XP percentage of total XP
 D = Non-vault monster count
 E = Vault monster count
 F = Vault count percentage of total count
                 A         B        C        D         E       F
            +---------+---------+-------+---------+---------+-------
      Total |   14145 |    3106 |  18.0 |     213 |      68 |  24.2
            +---------+---------+-------+---------+---------+-------
        D:1 |      30 |       0 |   0.0 |      12 |       0 |   0.0
        D:2 |     138 |      35 |  20.2 |      25 |       1 |   3.8
        D:3 |      48 |      10 |  17.2 |      18 |       4 |  18.2
        D:4 |     183 |     275 |  60.0 |      14 |       2 |  12.5
        D:5 |     566 |     808 |  58.8 |      17 |       3 |  15.0
        D:6 |     634 |      10 |   1.6 |      16 |       5 |  23.8
        D:7 |     734 |     575 |  43.9 |      14 |       4 |  22.2
        D:8 |     379 |       0 |   0.0 |      11 |       0 |   0.0
        D:9 |    4398 |     737 |  14.4 |      39 |      14 |  26.4
       D:10 |    1532 |     303 |  16.5 |      22 |       3 |  12.0
       D:11 |    1555 |     124 |   7.4 |      11 |      12 |  52.2
     Lair:1 |    3948 |       0 |   0.0 |      14 |       0 |   0.0
      Sewer |       0 |     229 | 100.0 |       0 |      20 | 100.0
            +---------+---------+-------+---------+---------+-------

Illustrated notes

Table legend:
 A = Kills in this place as a percentage of kills in entire the game.
 B = Kills by you in this place as a percentage of kills by you in the entire game.
 C = Kills by friends in this place as a percentage of kills by friends in the entire game.
 D = Other kills in this place as a percentage of other kills in the entire game.
 E = Experience gained in this place as a percentage of experience gained in the entire game.
 F = Experience gained in this place divided by the number of levels of this place that you have seen.
                   A       B       C       D       E      F
               +-------+-------+-------+-------+-------+----------------------
         Total | 100.0 | 100.0 | 100.0 |   N/A | 100.0 | 1232.2
       Dungeon |  87.9 |  86.5 | 100.0 |   N/A |  75.8 | 1188.5
          Lair |   5.0 |   5.6 |   0.0 |   N/A |  22.9 | 3948.0
         Sewer |   7.1 |   7.9 |   0.0 |   N/A |   1.3 | 229.0
               +-------+-------+-------+-------+-------+----------------------

Table legend: (Time is in decaauts)
 A = Elapsed time spent in this place.
 B = Non-inter-level travel time spent in this place.
 C = Inter-level travel time spent in this place.
 D = Time resting spent in this place.
 E = Time spent auto-exploring this place.
 F = Levels seen in this place.
 G = Mean time per level.
                   A        B        C        D        E       F      G
               +--------+--------+--------+--------+--------+-----+--------+
         Total |  15121 |  14426 |    695 |   2950 |   9009 |  14 | 1080.1 |
       Dungeon |  14302 |  13693 |    609 |   2808 |   8605 |  11 | 1300.2 |
        Temple |    213 |    128 |     85 |      0 |    110 |   1 |  213.0 |
          Lair |    143 |    143 |      0 |     95 |      0 |   1 |  143.0 |
         Sewer |    462 |    462 |      0 |     47 |    293 |   1 |  462.0 |
               +--------+--------+--------+--------+--------+-----+--------+

Top non-repeatable levels by time:
     D:9: 2244 daAuts
     D:5: 1666 daAuts
    D:10: 1637 daAuts
     D:6: 1323 daAuts
     D:7: 1282 daAuts
     D:2: 1252 daAuts
     D:1: 1243 daAuts
     D:4: 1008 daAuts
     D:8: 926 daAuts
     D:3: 880 daAuts
    D:11: 835 daAuts
   Sewer: 462 daAuts
  Temple: 213 daAuts
  Lair:1: 143 daAuts
